 Dungeon Crawl Stone Soup version 0.27-a0-1347-gd8886f0a89 (webtiles) character file.

Game seed: 16724898163438446600

21 Brandom the Charlatan (level 2, 0/23 HPs)
             Began as a Palentonga Artificer on June 27, 2021.
             Was a Follower of Vehumet.
             Slain by a jackal (3 damage)
             ... on level 1 of the Dungeon.
             The game lasted 00:02:53 (413 turns).

Brandom the Charlatan (Palentonga Artificer)         Turns: 413, Time: 00:02:53

Health: 0/23       AC:  4    Str: 15    XL:     2   Next: 62%
Magic:  2/2        EV:  9    Int: 11    God:    Vehumet [*.....]
Gold:   20         SH:  0    Dex: 10    Spells: 1/1 levels left

rFire    . . .     SeeInvis +   a - +0 club
rCold    . . .     Faith    .   (no shield)
rNeg     . . .     Spirit   .   b - +0 leather armour
rPois    .         Reflect  .   (no helmet)
rElec    .         Harm     .   (no cloak)
rCorr    .         Rampage  .   (no gloves)
Will     .....                  (no barding)
Stlth    +.........             (no amulet)
HPRegen  0.07/turn              (no ring)
MPRegen  0.08/turn              (no ring)

@: no status effects
A: large, rugged brown scales 3, see invisible, deformed body, roll 1, armoured
tail
a: Rolling Charge, Renounce Religion


You were on level 1 of the Dungeon.
You worshipped Vehumet.
Vehumet was aware of your devotion.
You visited 1 branch of the dungeon, and saw 1 of its levels.

You collected 20 gold pieces.

Inventory:

Hand Weapons
 a - a +0 club (weapon)
Armour
 b - a +0 leather armour (worn)
 c - a +0 plate armour
   (You found it on level 1 of the Dungeon)
Wands
 d - a wand of charming (15) (quivered)
 t - a wand of flame (15)
Miscellaneous
 e - a piece from Xom's chessboard (15/15)


   Skills:
 * Level 2.0 Fighting
 + Level 1.9 Armour
 + Level 1.2 Dodging
 - Level 0.5 Stealth
 - Level 2.6 Evocations


You had one spell level left.
You didn't know any spells.
Your spell library was empty.

Dungeon Overview and Level Annotations

Branches:
Dungeon (1/15)

Altars:
Vehumet


Innate Abilities, Weirdness & Mutations

You are completely covered in rugged brown scales. (AC +3, +7% HP)
You have supernaturally acute eyesight. (SInv)
Armour fits poorly on your strangely shaped body.
You can roll at nearby foes to attack.
You have a long armoured tail.


Message History

The jackal bites you but does no damage.
You hit the jackal. The jackal barely misses you. The jackal bites you.
You hit the jackal but do no damage. The jackal bites you.
The jackal barely misses you.
You miss the jackal.
The jackal bites you but does no damage.
The jackal bites you.
You barely miss the jackal. You tail-slap the jackal.
The jackal bites you but does no damage.
The jackal barely misses you.
You barely miss the jackal. The jackal barely misses you.
You closely miss the jackal. You tail-slap the jackal.
You kill the jackal!
Vehumet accepts your kill.
You hit the endoplasm. The endoplasm freezes you.
You are frozen.
The endoplasm freezes you.
You are frozen.
* * * LOW HITPOINT WARNING * * *
You hit the endoplasm. You tail-slap the endoplasm. The endoplasm freezes you.
You are frozen.
* * * LOW HITPOINT WARNING * * *
Unknown command.
You hit the endoplasm but do no damage. The endoplasm freezes you.
You are frozen.
* * * LOW HITPOINT WARNING * * *
Unknown command.
You hit the endoplasm.
You kill the endoplasm!
Vehumet accepts your kill.
The jackal bites you but does no damage.
Unknown command.
You hit the jackal.
The jackal bites you but does no damage. x2
Unknown command.
You hit the jackal.
You kill the jackal!
Vehumet accepts your kill. The jackal closely misses you.
Your Fighting skill increases to level 2!
You hit the jackal.
The jackal bites you but does no damage.
The jackal bites you.
* * * LOW HITPOINT WARNING * * *
Unknown command.
The jackal bites you.
You die...

##.###.## #########
#..##...## ##.......#
#####.##.....
.......#.####...#.##....
....##..#.##.###..#....#
..#....###...# #.#..#..#
....##..#..#.###>.#...#
.......#.#.##...#.##.##
.#..#...........@hh.†#
.......###############
######.# . ..# ## #


You could see 2 jackals.

Vanquished Creatures
  A dart slug (D:1)
  A bat (D:1)
  An endoplasm (D:1)
  5 goblins (D:1)
  3 hobgoblins (D:1)
  2 jackals (D:1)
  A quokka (D:1)
14 creatures vanquished.

Notes
Turn   | Place    | Note
-------+----------+-------------------------------------------
     0 | D:1      | Brandom the Palentonga Artificer began the quest for the
                  | Orb.
     0 | D:1      | Reached XP level 1. HP: 16/16 MP: 1/1
   108 | D:1      | Reached skill level 1 in Dodging
   140 | D:1      | Reached XP level 2. HP: 22/22 MP: 2/2
   145 | D:1      | Found a faded altar of an unknown god.
   150 | D:1      | Became a worshipper of Vehumet
   150 | D:1      | Reached * piety under Vehumet
   150 | D:1      | Offered knowledge of Shock by Vehumet.
   413 | D:1      | Slain by a jackal

Illustrated notes

Levels and vault maps discovered:
D:1:      tarquinn_simple_flora_water_b, layout_loops_ring,
          shapermc_ecumenical_altar_mp_highgroup

Skill      XL: |  1  2 |
---------------+-------+-----
Dodging        | 1 |  1.2
Fighting       | 2 |  2.0
Armour         | |  1.9
Stealth        | |  0.5
Evocations     | |  2.6

Action                   || total
-------------------------++-------
Melee: Club              ||    40
       Tailslap          ||     5
 Abil: Rolling Charge    ||     8
Armor: Leather armour    ||    19
Dodge: Dodged            ||    13

Table legend: (Time is in decaauts)
 A = Elapsed time spent in this place.
 B = Non-inter-level travel time spent in this place.
 C = Inter-level travel time spent in this place.
 D = Time resting spent in this place.
 E = Time spent auto-exploring this place.
 F = Levels seen in this place.
 G = Mean time per level.
                   A        B        C        D        E       F      G
               +--------+--------+--------+--------+--------+-----+--------+
         Total |    425 |    425 |      0 |      0 |    332 |   1 |  425.0 |
       Dungeon |    425 |    425 |      0 |      0 |    332 |   1 |  425.0 |
               +--------+--------+--------+--------+--------+-----+--------+

Top non-repeatable levels by time:
     D:1: 425 daAuts
